 Dungeon Crawl Stone Soup version 0.30-a0-39-g42789b21ef (webtiles) character file.

Game seed: 18083009058810571925

104959 frimble the Brawler (level 15, -11/123 HPs)
             Began as a Demonspawn Berserker on Aug 29, 2022.
             Was a High Priest of Trog.
             Killed from afar by a deep elf zephyrmancer (29 damage)
             ... with a bolt of lightning
             ... on level 1 of the Elven Halls.
             The game lasted 00:56:55 (29184 turns).

frimble the Brawler (Demonspawn Berserker)         Turns: 29184, Time: 00:56:55

Health: -11/123    AC: 12    Str: 33    XL:     15   Next: 93%
Magic:  15/15      EV: 14    Int:  5    God:    Trog [*****.]
Gold:   2075       SH:  5    Dex: 16    Spells: 14/14 levels left

rFire   + . .      SeeInvis +      - Unarmed
rCold   . . .      Faith    .    S - +0 buckler
rNeg    . . .      Spirit   .    p - +1 robe {Will+}
rPois   .          Reflect  .    (helmet unavailable)
rElec   .          Harm     .    T - +2 cloak {Will+}
rCorr   +          Rampage  .    l - +1 pair of gloves
Will    +++..                    N - +0 pair of boots
Stlth   ++++......               u - amulet of Onla {RegenMP Regen+}
HPRegen 1.10/turn                o - +6 ring of strength
MPRegen 0.54/turn                M - ring "Omeodgh" {rF+ rCorr Str+6 Int-4 Stlth+}

@: mighty, attractive
A: antennae 3, yellow scales 1, powered by pain 2, condensation shield
a: Renounce Religion, Berserk, Trog's Hand, Brothers in Arms


You were on level 1 of the Elven Halls.
You worshipped Trog.
Trog was extremely pleased with you.
You visited 4 branches of the dungeon, and saw 23 of its levels.
You also visited: Gauntlet.

You collected 2559 gold pieces.
You spent 484 gold pieces at shops.

Inventory:

Hand Weapons
 i - a +1 vorpal sling
Missiles
 f - 5 silver javelins
 x - 10 boomerangs (quivered)
 y - 2 javelins
Armour
 l - a +1 pair of gloves (worn)
 p - a +1 robe of willpower (worn)
 B - a +2 troll leather armour
 H - a scarf of invisibility
 N - a +0 pair of boots (worn)
 P - a +0 kite shield
 S - a +0 buckler (worn)
 T - a +2 cloak of willpower (worn)
Jewellery
 j - a ring of protection from fire
 o - a +6 ring of strength (left hand)
 u - the amulet of Onla (around neck) {RegenMP Regen+}
   (You acquired it on level 2 of the Lair of Beasts)

   [amulet of magic regeneration]

   It increases your rate of magic regeneration.
   Regen:     It increases your rate of health regeneration.
 w - a ring of protection from fire
 A - the ring "Sops" {rN+ rCorr Dex+7}
   (You found it in a Gauntlet)

   [ring of resist corrosion]

   Dex:       It affects your dexterity (+7).
   rN:        It protects you from negative energy.
   rCorr:     It protects you from acid and corrosion.
 J - an amulet of guardian spirit
 M - the ring "Omeodgh" (right hand) {rF+ rCorr Str+6 Int-4 Stlth+}
   (You found it in a Gauntlet)

   [ring of protection from fire]

   Str:       It affects your strength (+6).
   Int:       It affects your intelligence (-4).
   rF:        It protects you from fire.
   rCorr:     It protects you from acid and corrosion.
   Stlth:     It makes you more stealthy.
 U - the amulet "Noiniqyt" {Reflect rN+ rCorr Int-2 SH+5}
   (You found it in a Gauntlet)

   [amulet of reflection]

   It reflects blocked missile attacks.
   Int:       It affects your intelligence (-2).
   rN:        It protects you from negative energy.
   rCorr:     It protects you from acid and corrosion.
   SH:        It affects your SH (+5).
Wands
 n - a wand of mindburst (2)
 q - a wand of polymorph (18)
 t - a wand of roots (17)
 v - a wand of digging (2)
 C - a wand of flame (22)
 D - a wand of charming (2)
Scrolls
 a - 3 scrolls of butterflies
 g - 2 scrolls of magic mapping
 k - 4 scrolls of poison
 r - 2 scrolls of teleportation
 E - 8 scrolls of blinking
 L - 8 scrolls of identify
 O - a scroll of brand weapon
 R - a scroll of enchant weapon
Potions
 b - 4 potions of attraction
 c - 5 potions of brilliance
 d - 9 potions of curing
 e - 2 potions of cancellation
 h - a potion of heal wounds
 m - 3 potions of lignification
 s - a potion of resistance
 z - 2 potions of berserk rage
 F - 4 potions of magic
 G - 5 potions of flight
 I - 4 potions of might
 K - a potion of haste {unknown}
 Q - a potion of invisibility


   Skills:
 - Level 13.0 Fighting
 - Level 13.4 Throwing
 - Level 7.5 Armour
 - Level 6.2 Dodging
 + Level 4.8 Stealth
 + Level 4.4 Shields
 + Level 15.6 Unarmed Combat
 + Level 7.8 Evocations


You had 14 spell levels left.
You didn't know any spells.
Your spell library contained the following spells:

 Spells                   Type           Power      Damage    Failure   Level
 Apportation              Tloc           0%         N/A       56%         1
 Necrotise                Necr           0%         1d4       56%         1
 Summon Small Mammal      Summ           0%         N/A       56%         1
 Ozocubu's Armour         Ice            0%         N/A       90%         3
 Fulminant Prism          Conj/Hex       0%         3d6       100%        4
 Iskenderun's Mystic Bla  Conj/Tloc      0%         2d3       100%        4
 Lee's Rapid Deconstruct  Erth           0%         3d5*      100%        5
 Metabolic Englaciation   Hex/Ice        0%         N/A       100%        5
 Conjure Ball Lightning   Conj/Air       0%         3x3d6     100%        6
 Simulacrum               Ice/Necr       0%         N/A       100%        6
 Discord                  Hex            0%         N/A       100%        8
 Disjunction              Tloc           0%         N/A       100%        8


Dungeon Overview and Level Annotations

Branches:
Dungeon (15/15)            Temple (0/1) D:5            Lair (5/5) D:11
 Shoals (0/4) Lair:3       Spider (0/4) Lair:3        Slime (0/5) Lair:5
    Orc (2/2) D:10            Elf (1/3) Orc:2        Vaults (0/5) D:13
 Depths (0/4) D:15        Gauntlet (visited)

Altars:
Cheibriados
Fedhas
Hepliaklqana
Qazlal
Ru
Trog
Xom
Jiyva
Lugonu

Shops:
D:6 *   Orc:2 [([**

Portals:
Abyss: Lair:5

Annotations:
D:8 1 runed translucent door, pigah's ghost, novice OpAE
Lair:2 Fannar


Innate Abilities, Weirdness & Mutations

You have a pair of large antennae on your head. (SInv)
You are partially covered in yellow scales. (AC +2)
You sometimes gain power by taking damage.
A meltable shield of frost defends you. (SH +0)


Message History

The deep elf archer wields a +0 dagger.
You block the deep elf archer's attack.
You see here a +0 dagger.
You pummel the deep elf archer!!
The deep elf archer is almost dead.
The deep elf archer casts a spell.
The deep elf archer blinks!
You feel much better.
The deep elf archer unwields a +0 dagger.
The deep elf archer wields a +0 shortbow.
The deep elf archer shoots an arrow.
The arrow hits you.
* * * LOW HITPOINT WARNING * * *
Really quaff the potion of attraction?
You feel attractive to monsters.
The deep elf archer shoots an arrow.
The arrow hits you!!
* * * LOW HITPOINT WARNING * * *
The deep elf zephyrmancer is attracted toward you.
The deep elf archer is attracted toward you.
You closely miss the deep elf zephyrmancer.
The deep elf zephyrmancer is heavily wounded.
The deep elf zephyrmancer closely misses you.
You miss the deep elf zephyrmancer.
The deep elf zephyrmancer is heavily wounded.
The deep elf archer unwields a +0 shortbow.
The deep elf archer wields a +0 dagger.
You block the deep elf archer's attack.
The deep elf zephyrmancer mumbles some strange words.
The deep elf zephyrmancer blinks!
You pummel the deep elf archer!!
You kill the deep elf archer!
Trog accepts your kill.
Trog appreciates your killing of a magic user.
Trog will now gift you melee weapons as you gain piety.
(D) Dungeon (T) Temple (L) Lair (A) Shoals (N) Spider Nest (M) Slime Pits (O) Orcish Mines (E) Elven Halls (V) Vaults (U) Depths
Where to? (Enter - Elf:1, ? - help)
Okay, then.
The deep elf zephyrmancer is attracted toward you.
The deep elf zephyrmancer points at you and mumbles some strange words.
The bolt of lightning hits you!!
You die...

#### #.. #)# #.# #)#
.# #@# .# ##+## #§#
#.# ##...## #e# .#.#
#..<..## #.###.#.#
#.....)## #..☼....#
#.......####§☼..###
#.......'.......#
#.......####........
#.......## ##.#####.


You could see a deep elf zephyrmancer.

Vanquished Creatures
  An orc warlord (Orc:2)
  The ghost of pigah the Stormcaller, a journeyman OpAE of Gozag (Orc:1)
  A minotaur (Gauntlet)
  An ettin (D:15)
  Josephine (D:10)
  4 boulder beetles
  9 hydras
  A vault guard (D:13)
  A catoblepas (Lair:4)
  An anaconda (D:14)
  7 two-headed ogres
  8 centaur warriors
  10 death yaks
  An orc high priest (Orc:2)
  3 tengu warriors
  3 thrashing horrors (Lair:5)
  Nergalle (D:12)
  A deep elf knight (Elf:1)
  5 skeletal warriors
  A deep troll (D:15)
  A deep elf archer (Elf:1)
  6 orc knights
  2 wizards (Gauntlet)
  Pikel (D:6)
  A deep elf zephyrmancer (Elf:1)
  2 necromancers (D:15)
  3 deep elf pyromancers (Elf:1)
  3 ugly things
  8 cyclopes
  2 orc sorcerers (Orc:2)
  A moth of wrath (Orc:1)
  A salamander (shapeshifter) (Lair:5)
  4 manticores
  13 elephants
  4 black mambas
  A black mamba (shapeshifter) (D:13)
  A merfolk siren (Lair:3)
  An eye of devastation (shapeshifter) (D:15)
  2 smoke demons
  6 cane toads
  A gargoyle (D:12)
  3 efreet
  An unseen horror (D:11)
  A kobold demonologist (D:9)
  A rime drake (Lair:5)
  18 komodo dragons
  A freezing wraith (D:15)
  2 tengu conjurers
  3 ancient zymes (Lair:5)
  A queen bee (shapeshifter) (D:15)
  10 trolls
  A red devil (Gauntlet)
  4 polar bears
  4 meliai
  Grinder (D:3)
  3 large abominations
  A hornet (D:14)
  Prince Ribbit (Lair:1)
  24 blink frogs
  6 slime creatures
  A dream sheep (shapeshifter) (Lair:5)
  2 jumping spiders (Lair:3)
  2 centaur simulacra
  A spriggan (Lair:5)
  2 ynoxinuls (Lair:5)
  2 water elementals (D:13)
  4 wyverns
  7 basilisks
  33 yaks
  An unseen horror simulacrum (D:8)
  5 wraiths
  4 steam dragons
  8 vampire mosquitoes
  9 water moccasins
  2 acid dragons
  A sky beast (shapeshifter) (Lair:5)
  A sky beast (D:7)
  A swamp drake (D:11)
  3 black bears
  33 orc warriors
  5 ice beasts
  3 ogres
  4 boggarts (D:15)
  6 wolves
  6 phantoms
  15 centaurs
  4 kobold brigands
  15 bullfrogs
  16 small abominations
  2 gnoll sergeants
  3 scorpions
  A necrophage (D:5)
  10 wights
  12 killer bees
  3 howler monkeys (D:7)
  5 electric eels
  3 crimson imps (Gauntlet)
  3 jellies
  A hound (D:6)
  21 orc priests
  Terence (D:2)
  Jessica (D:3)
  7 iguanas
  33 orc wizards
  5 hell rats (Lair:4)
  20 gnolls
  6 adders
  2 shadow imps (Gauntlet)
  10 white imps
  3 ufetubi
  6 dart slugs
  77 orcs
  5 bats
  8 endoplasms
  4 giant cockroaches
  8 goblins
  6 hobgoblins
  3 jackals (D:4)
  2 quokkas
  13 ball pythons
  3 frilled lizards
  26 kobolds
  3 rats (D:1)
723 creatures vanquished.

Vanquished Creatures (collateral kills)
  2 skeletal warriors (D:15)
  2 slime creatures (D:14)
  A manticore (D:9)
  A queen bee (shapeshifter) (D:14)
  A blink frog (Lair:5)
  A culicivora (Lair:3)
  2 vampire mosquitoes (D:14)
  A large abomination (Lair:5)
  A bullfrog (Lair:3)
  A small abomination (Lair:5)
13 creatures vanquished.

Vanquished Creatures (others)
  A wizard (D:15)
  An orc sorcerer (Orc:2)
  A centaur (D:14)
  An orc priest (Orc:2)
  2 orc wizards
  2 orcs
  37 fungi
  24 plants
  14 withered plants (Gauntlet)
83 creatures vanquished.

Grand Total: 819 creatures vanquished

Notes
Turn   | Place    | Note
-------+----------+-------------------------------------------
     0 | D:1      | frimble the Demonspawn Berserker began the quest for the
                  | Orb.
     0 | D:1      | Reached XP level 1. HP: 18/18 MP: 1/1
   507 | D:1      | Found a faded altar of an unknown god.
   543 | D:1      | Gained mutation: You have a pair of small antennae on your
                  | head. [demonic ancestry]
   543 | D:1      | Reached XP level 2. HP: 24/24 MP: 2/2
  1505 | D:2      | Reached skill level 3 in Unarmed Combat
  1695 | D:2      | Noticed Terence
  1704 | D:2      | Killed Terence
  1705 | D:2      | Gained mutation: You sometimes gain a little power by
                  | taking damage. [demonic ancestry]
  1705 | D:2      | Reached XP level 3. HP: 20/29 MP: 3/3
  1904 | D:2      | Reached skill level 1 in Throwing
  1963 | D:2      | Reached ** piety under Trog
  1964 | D:2      | Gained mutation: You are partially covered in yellow
                  | scales. (AC +2) [demonic ancestry]
  1964 | D:2      | Reached XP level 4. HP: 32/36 MP: 4/4
  2960 | D:3      | Noticed Grinder
  2965 | D:3      | Killed Grinder
  2966 | D:3      | Gained mutation: A meltable shield of frost defends you.
                  | (SH +0) [demonic ancestry]
  2966 | D:3      | Reached XP level 5. HP: 42/42 MP: 5/5
  2966 | D:3      | Reached XP level 6. HP: 48/48 MP: 6/6
  3398 | D:3      | Noticed Jessica
  3405 | D:3      | Killed Jessica
  3573 | D:4      | Reached skill level 4 in Unarmed Combat
  3945 | D:4      | Reached XP level 7. HP: 55/55 MP: 7/7
  4472 | D:4      | Noticed a steam dragon
  4488 | D:4      | Killed a steam dragon
  4489 | D:4      | Reached skill level 5 in Fighting
  4670 | D:5      | Entered Level 5 of the Dungeon
  4768 | D:5      | Gained mutation: You have a pair of antennae on your head.
                  | [demonic ancestry]
  4768 | D:5      | Reached XP level 8. HP: 62/62 MP: 8/8
  4807 | D:5      | Reached skill level 1 in Evocations
  4916 | D:5      | Reached skill level 5 in Unarmed Combat
  5162 | D:5      | Found a hazy altar of Hepliaklqana.
  5280 | D:5      | Found a bloodstained altar of Trog.
  5433 | D:5      | Found a snail-covered altar of Cheibriados.
  5455 | D:5      | Found a staircase to the Ecumenical Temple.
  6087 | D:6      | Reached *** piety under Trog
  6146 | D:6      | Found a blossoming altar of Fedhas.
  6418 | D:6      | Reached skill level 5 in Armour
  6418 | D:6      | Reached XP level 9. HP: 54/69 MP: 9/9
  6510 | D:6      | Found Uzulul's General Store.
  6563 | D:6      | Reached skill level 5 in Dodging
  6990 | D:6      | Noticed Pikel
  7019 | D:6      | Killed Pikel
  7020 | D:6      | Reached skill level 6 in Unarmed Combat
  8495 | D:7      | Noticed Maggie
  8498 | D:7      | Noticed Maggie
  8498 | D:7      | Maggie changed into Maggie the cane toad
  8507 | D:7      | Reached XP level 10. HP: 79/79 MP: 10/10
  8507 | D:7      | Killed Maggie the cane toad
  8508 | D:7      | Reached skill level 5 in Evocations
  9115 | D:8      | Found a sacrificial altar of Ru.
  9319 | D:8      | Found a runed translucent door.
  9320 | D:8      | Found a shimmering altar of Xom.
  9320 | D:8      | Noticed pigah's ghost (novice OpAE)
  9320 | D:8      | Noticed a +0 dagger of chaos
  9369 | D:8      | Reached skill level 7 in Unarmed Combat
  9401 | D:8      | Reached **** piety under Trog
 10245 | D:9      | Noticed a manticore
 10253 | D:9      | Killed a manticore
 11172 | D:9      | Noticed an orange demon
 11179 | D:9      | Noticed a smoke demon
 11191 | D:9      | Reached skill level 5 in Throwing
 11546 | D:9      | Reached skill level 8 in Unarmed Combat
 11745 | D:10     | Entered Level 10 of the Dungeon
 11779 | D:10     | Noticed Josephine
 11999 | D:8      | Noticed a two-headed ogre
 12013 | D:8      | Killed a two-headed ogre
 12014 | D:8      | Reached XP level 11. HP: 86/86 MP: 11/11
 12855 | D:10     | Noticed Psyche
 12858 | D:10     | Noticed Psyche
 12858 | D:10     | Psyche changed into Psyche the ogre
 12862 | D:10     | Killed Psyche the ogre
 12953 | D:10     | Reached skill level 9 in Unarmed Combat
 13101 | D:10     | Killed Josephine
 13236 | D:10     | Identified the +1 scale mail of Amelioration {rN++ Str-2
                  | Dex+6}
 13292 | D:10     | Found a stormy altar of Qazlal.
 13566 | D:10     | Found a staircase to the Orcish Mines.
 13854 | D:11     | Noticed a two-headed ogre
 13862 | D:11     | Killed a two-headed ogre
 13863 | D:11     | Reached skill level 10 in Unarmed Combat
 14348 | D:11     | Found a staircase to the Lair.
 14597 | D:11     | Gained mutation: You sometimes gain power by taking damage.
                  | [demonic ancestry]
 14597 | D:11     | Reached XP level 12. HP: 51/92 MP: 12/12
 14940 | D:12     | Noticed a two-headed ogre
 14950 | D:12     | Killed a two-headed ogre
 14951 | D:12     | Reached skill level 11 in Unarmed Combat
 15107 | D:12     | You fall into a shaft and drop 1 floor!
 15242 | D:13     | Noticed a centaur warrior
 15250 | D:13     | Killed a centaur warrior
 15330 | D:13     | Noticed a four-headed hydra
 15341 | D:13     | Killed a four-headed hydra
 15398 | D:13     | Noticed a vault guard
 15400 | D:13     | Reached skill level 10 in Throwing
 15403 | D:13     | Noticed a centaur warrior
 15404 | D:13     | Noticed a centaur warrior
 15441 | D:13     | Killed a centaur warrior
 15541 | D:13     | Killed a vault guard
 15869 | D:13     | Reached skill level 12 in Unarmed Combat
 15901 | D:13     | Noticed a two-headed ogre
 15911 | D:13     | Killed a two-headed ogre
 16074 | D:13     | Killed a centaur warrior
 16212 | D:13     | Noticed an eight-headed hydra
 16218 | D:13     | Killed an eight-headed hydra
 16370 | D:13     | Found a gate to the Vaults.
 16943 | D:12     | Noticed a four-headed hydra
 16952 | D:12     | Killed a four-headed hydra
 16988 | D:12     | Noticed Nergalle
 17012 | D:12     | Killed Nergalle
 17095 | D:12     | Noticed a seven-headed hydra
 17106 | D:12     | Killed a seven-headed hydra
 17107 | D:12     | Reached XP level 13. HP: 100/100 MP: 13/13
 17275 | D:12     | HP: 5/100 [meliai/+0 war axe (10)]
 17407 | Lair:1   | Entered Level 1 of the Lair of Beasts
 17754 | Lair:1   | Noticed Prince Ribbit
 17967 | Lair:1   | Reached skill level 13 in Unarmed Combat
 18115 | Lair:1   | Reached skill level 10 in Fighting
 18224 | Lair:1   | Killed Prince Ribbit
 18942 | Lair:2   | Identified a scroll of acquirement
 18942 | Lair:2   | Acquired the amulet of Onla {RegenMP Regen+}
 19139 | Lair:2   | Noticed Fannar
 20235 | Lair:3   | Found a staircase to the Shoals.
 20508 | Lair:3   | Found a hole to the Spider Nest.
 20526 | Lair:3   | Reached XP level 14. HP: 49/111 MP: 14/14
 20944 | Lair:4   | Identified the +1 ring mail of the Evening Star {MP+9 Int+5
                  | Dex+3}
 22133 | Lair:4   | Reached skill level 14 in Unarmed Combat
 22288 | Lair:5   | Entered Level 5 of the Lair of Beasts
 22675 | Lair:5   | Found a staircase to the Slime Pits.
 22683 | Lair:5   | Found a viscous altar of Jiyva.
 22989 | Lair:5   | Reached ***** piety under Trog
 23467 | Lair:5   | Found a corrupted altar of Lugonu.
 23467 | Lair:5   | Found a one-way gate to the infinite horrors of the Abyss.
 24844 | D:14     | Gained mutation: You have a pair of large antennae on your
                  | head. (SInv) [demonic ancestry]
 24844 | D:14     | Reached XP level 15. HP: 91/122 MP: 15/15
 24847 | D:14     | Received a gift from Trog
 25067 | D:14     | Reached skill level 15 in Unarmed Combat
 25117 | D:15     | Entered Level 15 of the Dungeon
 25209 | D:15     | Reached skill level 1 in Stealth
 25223 | D:15     | Reached skill level 1 in Shields
 25709 | D:15     | Found a staircase to the Depths.
 26357 | Orc:1    | Entered Level 1 of the Orcish Mines
 26427 | Orc:2    | Entered Level 2 of the Orcish Mines
 26489 | Orc:2    | Found Ruatosoe's Assorted Antiques.
 26491 | Orc:2    | Found a gate leading to a gauntlet.
 26509 | Orc:2    | Bought a scroll labelled LAOVUO KEHAGOEPPO for 34 gold
                  | pieces
 26513 | Gauntlet | Entered a Gauntlet
 26513 | Gauntlet | Found a transporter.
 26523 | Gauntlet | Found a transporter.
 26538 | Gauntlet | Found a transporter.
 26543 | Gauntlet | Found a transporter.
 26558 | Gauntlet | Found a transporter.
 26567 | Gauntlet | Found the +9 heavy crossbow "Sniper" {vorpal, Acc+∞ SInv}
 26577 | Gauntlet | Found a transporter.
 26589 | Gauntlet | Found a transporter.
 26601 | Gauntlet | Found a transporter.
 26613 | Gauntlet | Found a transporter.
 26619 | Gauntlet | Found a transporter.
 26619 | Gauntlet | Found a transporter.
 26637 | Gauntlet | Found a transporter.
 26651 | Gauntlet | Found a transporter.
 26661 | Gauntlet | Found the +3 pair of mountain boots {steadfast, rC+}
 26671 | Gauntlet | Found a transporter.
 26696 | Gauntlet | Found a transporter.
 26698 | Gauntlet | Found a transporter.
 26812 | Gauntlet | Found a transporter.
 26959 | Gauntlet | Identified the ring "Sops" {rN+ rCorr Dex+7}
 27083 | Gauntlet | Identified the ring "Omeodgh" {rF+ rCorr Str+6 Int-4
                  | Stlth+}
 27184 | Gauntlet | Identified the +9 glaive of the Stork {elec, rC+}
 27184 | Gauntlet | Identified the amulet "Noiniqyt" {Reflect rN+ rCorr Int-2
                  | SH+5}
 27594 | Orc:2    | Found a staircase to the Elven Halls.
 27834 | Orc:2    | Found Lups's Armour Shoppe.
 27881 | Orc:2    | Found Bot Lagh's General Store.
 27924 | Orc:2    | Bought a potion of curing for 39 gold pieces
 27924 | Orc:2    | Bought a scroll of blinking for 97 gold pieces
 27924 | Orc:2    | Bought 2 potions of curing for 78 gold pieces
 28010 | Orc:2    | Noticed an orc warlord
 28106 | Orc:2    | Killed an orc warlord
 28282 | Orc:2    | Found Vittutes's Antique Weapon Shop.
 28293 | Orc:2    | Found Odoxtirgh's Antique Armour Boutique.
 28696 | Orc:1    | Found a bloodstained altar of Trog.
 28698 | Orc:1    | Noticed pigah's ghost (journeyman OpAE)
 28703 | Orc:1    | Found a transporter.
 28752 | Orc:1    | Found a transporter.
 28929 | Orc:1    | Killed pigah's ghost
 28938 | Orc:1    | Identified the +1 scale mail of Happiness {Fly rElec rF+++
                  | Int-3}
 28990 | Orc:2    | Bought a +2 cloak of willpower for 236 gold pieces
 29101 | Elf:1    | Entered Level 1 of the Elven Halls
 29184 | Elf:1    | Killed from afar by a deep elf zephyrmancer

Illustrated notes

Levels and vault maps discovered:
D:1:      heliophobic_arrival_glass_houses, layout_basic,
          chequers_ecumenical_altar_island
D:2:      layout_basic, kennysheep_generic_room_14, uniq_terence
D:3:      layout_basic, uniq_jessica, uniq_grinder
D:4:      layout_basic, kennysheep_another_room
D:5:      layout_loops_ring, kennysheep_mini_moat, kennysheep_slug_shrine,
          bloody_trog, minmay_temple_entry_statues
D:6:      layout_loops_corners, jmf_multi_god_temple, serial_shops,
          nicolae_shop_statue_plus, serial_bayou_lake_a, uniq_pikel
D:7:      layout_gridville, serial_glass, glass_columns_a, glass_columns_a,
          glass_columns_c, glass_columns_c, glass_columns_a, glass_columns_b,
          glass_columns_a, glass_columns_a, glass_columns_b, glass_columns_a,
          uniq_maggie
D:8:      layout_basic, nicolae_overflow_squiral, serial_ice, serial_ice_m,
          serial_ice_b, serial_ice_a, serial_ice_o, serial_ice_h, serial_ice_f,
          serial_ice_k, serial_ice_e, serial_ice_d, serial_ice_n,
          ebering_ghost_xom
D:9:      minmay_evil_eye, layout_gridville, mainiacjoe_overflow_chevrons
D:10:     layout_cave_pools, nicolae_qazlal_eye_of_the_storm, david_orc_4,
          uniq_psyche, uniq_josephine
D:11:     layout_long_grid, erik_lair_dragon
D:12:     layout_long_grid, uniq_nergalle
D:13:     layout_basic, david_vaults_5
D:14:     wad_guarded_room, layout_basic
D:15:     hangedman_depths_entry_civil_slaughter, layout_stronghold
Lair:1:   layout_long_grid, beast_lair_carwin_10, uniq_prince_ribbit2
Lair:2:   layout_chaotic_city, uniq_fannar
Lair:3:   layout_regular_city, minmay_shoals_entry_lonely_mermaid,
          spider_nest_entry_funnel_web
Lair:4:   layout_regular_city, dreamdust_mushroom_princess
Lair:5:   hellmonk_lair_end_abyssal_woods, layout_loops_ring,
          nicolae_slime_entry_slimehenge, minivault_26,
          grunt_forest_small_clearings, serial_bayou_shore_b
Orc:1:    layout_caves, gammafunk_ghost_wrathful_warriors
Orc:2:    grunt_orc_community_town_hall, layout_caves,
          grunt_orc_community_big_house_1, grunt_orc_community_big_house_2,
          grunt_orc_community_house_1, grunt_orc_community_house_1,
          grunt_orc_community_house_2, grunt_orc_community_house_3,
          grunt_orc_community_house_2, grunt_orc_community_house_1,
          gauntlet_entry_generic, serial_shops, nicolae_shop_statue_plus
Elf:1:    layout_loops_corners, serial_glass, glass_columns_a, glass_columns_a,
          serial_shops, nicolae_shop_behind_doors, grunt_megastairs_4,
          lemuel_upstairs_altar, uniq_asterion

Skill      XL: |  1  2  3  4  5  6  7  8  9 10 11 12 13 14 15 |
---------------+----------------------------------------------+-----
Armour         | 2 3 4 5 6 7 |  7.5
Dodging        | 2 3 4 6 |  6.2
Unarmed Combat | 3 4 5 6 8 10 12 13 14 15 | 15.6
Throwing       | 1 2 3 6 8 10 12 13 | 13.4
Fighting       | 4 5 6 7 8 10 12 13 | 13.0
Evocations     | 3 4 5 7 |  7.8
Stealth        | 4 |  4.8
Shields        | 4 |  4.4

Action                   |  1- 3 |  4- 6 |  7- 9 | 10-12 | 13-15 || total
-------------------------+-------+-------+-------+-------+-------++-------
Melee: Unarmed           |    92 |   169 |   604 |   948 |  1539 ||  3352
       Punch             |     2 |     5 |    26 |    64 |   162 ||   259
Throw: Stone             |     4 |       |     6 |    17 |       ||    27
       Boomerang         |       |       |       |   112 |   116 ||   228
       Throwing net      |       |       |       |       |     1 ||     1
       Javelin           |       |       |       |       |     8 ||     8
Invok: Berserk           |     1 |     2 |     9 |    25 |    19 ||    56
       Trog's Hand       |       |       |     4 |     4 |    15 ||    23
       Brothers in Arms  |       |       |       |     1 |     5 ||     6
Evoke: Wand              |       |       |     3 |    14 |    30 ||    47
  Use: Scroll            |       |     6 |     6 |    21 |    14 ||    47
       Potion            |       |       |       |     5 |    10 ||    15
 Stab: Sleeping          |     1 |       |     2 |       |     2 ||     5
       Invisible         |       |       |       |       |     5 ||     5
       Distracted        |       |       |       |       |     1 ||     1
Armor: Animal skin       |    12 |       |       |       |       ||    12
       Scale mail        |    12 |    69 |    39 |       |       ||   120
       Skin              |       |     2 |       |       |       ||     2
       Steam dragon scal |       |       |   210 |       |       ||   210
       Swamp dragon scal |       |       |       |   156 |       ||   156
       Troll leather arm |       |       |       |   242 |   461 ||   703
       Robe              |       |       |       |       |    11 ||    11
Dodge: Dodged            |    61 |    71 |   310 |   738 |   971 ||  2151
Block: Other             |       |    15 |    85 |   168 |   226 ||   494
       Buckler           |       |       |       |       |    12 ||    12

Table legend: (Time is in decaauts)
 A = Elapsed time spent in this place.
 B = Non-inter-level travel time spent in this place.
 C = Inter-level travel time spent in this place.
 D = Time resting spent in this place.
 E = Time spent auto-exploring this place.
 F = Levels seen in this place.
 G = Mean time per level.
                   A        B        C        D        E       F      G
               +--------+--------+--------+--------+--------+-----+--------+
         Total |  29113 |  26854 |   2259 |    628 |  19800 |  24 | 1213.0 |
       Dungeon |  20490 |  18789 |   1701 |    505 |  14353 |  15 | 1366.0 |
          Lair |   5858 |   5499 |    359 |     88 |   3973 |   5 | 1171.6 |
  Orcish Mines |   2005 |   1808 |    197 |     13 |   1076 |   2 | 1002.5 |
   Elven Halls |     71 |     71 |      0 |      0 |      9 |   1 |   71.0 |
      Gauntlet |    688 |    688 |      0 |     21 |    387 |   1 |  688.0 |
               +--------+--------+--------+--------+--------+-----+--------+

Top non-repeatable levels by time:
     D:8: 2494 daAuts
    D:13: 1807 daAuts
     D:9: 1728 daAuts
     D:6: 1634 daAuts
     D:7: 1627 daAuts
  Lair:1: 1605 daAuts
    D:11: 1569 daAuts
     D:1: 1477 daAuts
  Lair:5: 1428 daAuts
   Orc:2: 1409 daAuts
     D:2: 1151 daAuts
     D:4: 1141 daAuts
    D:15: 1111 daAuts
     D:5: 1066 daAuts
    D:10: 1037 daAuts
